Map: Pillars of Gold LE

Players

Shiisi

  • Race: Protoss Protoss
  • Spawn Location: 1:00

Osiris - Winner!

  • Race: Terran Terran
  • League: Diamond
  • Spawn Location: 7:00

VOD

Have the link to the VOD?

Description

Time

  • Played on: Feb. 19, 2021, 8:23 p.m.
  • Length: 16:45
Show
View Real Time Build Order
Export as new Build Order

Shiisi Protoss 

Build Orders: 1 Gate Expand 

Get SALT Encoding   

  12  0:00  Probe  
  13  0:13  Probe  
  14  0:18  Pylon  
  14  0:25  Probe  
  15  0:28  Assimilator  
  15  0:37  Probe (Chrono Boost)  
  16  0:47  Probe (Chrono Boost)  
  17  0:51  Probe (Chrono Boost)  
  17  0:52  Gateway  
  18  1:03  Probe  
  19  1:15  Probe  
  20  1:27  Probe  
  21  1:35  Nexus  
  21  1:43  Cybernetics Core  
  21  1:53  Pylon  
  21  1:55  Probe  
  21  2:01  Assimilator  
  22  2:07  Probe  
  23  2:20  Adept  
  25  2:24  Stargate  
  25  2:27  Probe  
  26  2:31  Warp Gate  
  26  2:39  Probe  
  27  2:45  Pylon  
  27  2:48  Probe  
  27  2:51  Probe (Chrono Boost)  
  29  3:00  Probe (Chrono Boost)  
  29  3:01  Void Ray (Chrono Boost)  
  29  3:03  Probe (Chrono Boost)  
  31  3:11  Probe (Chrono Boost)  
  31  3:12  Probe (Chrono Boost)  
  37  3:15  Probe (Chrono Boost)  
  37  3:17  Probe  
  37  3:19  Shield Battery  
  39  3:26  Probe  
  40  3:29  Probe  
  40  3:30  Void Ray (Chrono Boost)  
  40  3:31  Pylon  
  41  3:38  Probe  
  44  3:41  Probe  
  45  3:48  Twilight Council  
  45  3:50  Probe  
  45  3:54  Forge  
  46  3:59  Probe  
  47  4:11  Nexus  
  47  4:14  Pylon  
  47  4:30  Gateway  
  47  4:31  Gateway  
  47  4:35  Gateway  
  47  4:36  Gateway  
  47  4:40  Gateway  
  47  4:48  Probe  
  47  4:49  Probe  
  47  4:50  Protoss Ground Weapons Level 1 (Chrono Boost)  
  47  4:51  Gateway  
  49  4:54  Gateway  
  49  4:56  Charge (Chrono Boost)  
  49  5:02  Probe x2  
  51  5:15  Probe x2 (Chrono Boost)  
  51  5:16  Pylon  
  51  5:18  Pylon  
  53  5:23  Probe (Chrono Boost)  
  53  5:27  Probe x2 (Chrono Boost)  
  56  5:33  Probe (Chrono Boost)  
  56  5:34  Probe x2 (Chrono Boost)  
  56  5:35  Zealot x2  
  61  5:38  Probe (Chrono Boost)  
  61  5:41  Probe x2  
  66  5:45  Zealot  
  66  5:46  Zealot x3  
  66  5:49  Sentry x2, Probe  
  79  5:55  Probe  
  80  6:00  Sentry x2  
  84  6:07  Zealot x4  
  92  6:12  Nexus  
  92  6:14  Pylon  
  92  6:23  Pylon  
  92  6:25  Forge  
  92  6:26  Zealot x2  
  92  6:31  Shield Battery  
  96  6:34  Photon Cannon  
  96  6:37  Pylon  
  96  6:39  Protoss Ground Weapons Level 2 (Chrono Boost), Zealot x3  
  102  6:51  Zealot  
  102  6:52  Zealot  
  106  6:55  Pylon  
  106  7:05  Shield Battery  
  106  7:06  Pylon  
  106  7:08  Photon Cannon  
  106  7:09  Photon Cannon  
  106  7:10  Blink (Chrono Boost)  
  106  7:11  Photon Cannon  
  106  7:14  Protoss Ground Armor Level 1 (Chrono Boost)  
  106  7:15  Zealot x2, Photon Cannon  
  110  7:17  Probe x3, Shield Battery  
  113  7:28  Dark Shrine  
  114  7:30  Assimilator, Probe  
  114  7:33  Probe x3  
  117  7:40  Robotics Facility  
  117  7:42  Pylon  
  117  7:44  Pylon  
  117  7:48  Zealot x3  
  123  7:51  Probe  
  123  7:52  Probe x3  
  127  8:00  Gateway  
  127  8:03  Gateway, Pylon  
  127  8:04  Zealot x2  
  131  8:08  Probe  
  132  8:15  Gateway  
  132  8:19  Gateway  
  132  8:22  Pylon x2, Zealot x4  
  140  8:32  Assimilator  
  140  8:38  Zealot x2  
  140  8:39  Nexus  
  140  8:40  Pylon  
  144  8:44  Observer (Chrono Boost)  
  145  8:51  Zealot  
  145  8:52  Zealot x3  
  153  8:57  Warp Prism (Chrono Boost)  
  155  9:07  Zealot  
  155  9:08  Zealot x5  
  157  9:12  Protoss Ground Armor Level 2 (Chrono Boost), Protoss Ground Weapons Level 3 (Chrono Boost)  
  130  9:27  Zealot  
  130  9:28  Zealot x10  
  151  9:31  Observer  
  151  9:46  Probe  
  151  9:50  Probe x4  
  151  9:51  Warp Prism (Chrono Boost)  
  156  9:59  Probe  
  159  10:02  Probe x3  
  159  10:03  Probe  
  156  10:09  Photon Cannon  
  156  10:11  Probe  
  157  10:16  Photon Cannon  
  157  10:19  Photon Cannon  
  157  10:22  Photon Cannon  
  157  10:42  Zealot x12  
  181  10:49  Gateway  
  92  10:50  Shadow Stride (Chrono Boost)  
  181  10:54  Gateway  
  181  10:59  Pylon  
  139  11:13  Zealot x12  
  137  11:33  Gateway  
  137  11:36  Gateway x2  
  137  11:37  Pylon  
  137  11:38  Shield Battery  
  121  11:40  Gateway  
  121  11:42  Pylon  
  121  11:43  Zealot x10  
  121  11:44  Zealot x2  
  123  11:57  Robotics Facility  
  123  12:00  Robotics Facility  
  123  12:06  Stargate  
  123  12:08  Assimilator  
  123  12:11  Photon Cannon  
  123  12:14  Assimilator, Photon Cannon  
  123  12:16  Assimilator  
  123  12:19  Stalker, Pylon  
  123  12:20  Stalker x11  
  147  12:24  Protoss Ground Armor Level 3 (Chrono Boost)  
  147  12:25  Protoss Shields Level 1 (Chrono Boost)  
  125  12:49  Stalker x7  
  125  12:50  Stalker x2  
  115  13:11  Dark Templar  
  115  13:12  Dark Templar x4  
  125  13:14  Zealot x8  
  141  13:39  Nexus  
  139  13:41  Zealot x5  
  139  13:42  Zealot x2  
  89  14:06  Zealot x11  
  102  14:22  Stalker  
  102  14:23  Stalker x5  
  110  14:31  Templar Archives  
  85  14:47  Psionic Storm  
  85  14:49  Sentry x4  
  85  14:50  Stalker x2  
  85  14:51  Stalker x6  
  109  14:56  Probe x4  
  109  14:57  Probe  
  114  15:06  Photon Cannon  
  114  15:08  Probe x2  
  114  15:11  High Templar x3  
  114  15:12  High Templar  
  124  15:19  Zealot x3  
  130  15:29  Assimilator  
  130  15:30  Assimilator  
  124  15:41  Zealot  
  124  15:42  Zealot  
  128  15:46  Nexus  
  128  15:47  Pylon  
  128  15:53  Zealot x4  
  135  16:05  Immortal  
  139  16:11  Sentry x2  
  139  16:18  Robotics Bay  
  141  16:24  Zealot  
  141  16:25  Zealot x4  
  147  16:37  Assimilator  
  123  16:41  Assimilator  
Show
View Real Time Build Order
Export as new Build Order

Osiris Terran - Winner!

Build Orders:  

Get SALT Encoding   

  12  0:00  SCV  
  13  0:12  SCV  
  14  0:17  Supply Depot  
  14  0:24  SCV  
  15  0:39  SCV  
  15  0:41  Barracks  
  16  0:44  Refinery  
  16  0:51  SCV  
  17  1:03  SCV  
  18  1:15  SCV  
  19  1:28  Marine, Orbital Command  
  20  1:47  Command Center  
  20  1:52  Barracks Reactor  
  20  1:59  Supply Depot  
  20  2:02  SCV  
  21  2:15  SCV  
  21  2:18  Bunker  
  22  2:28  Marine x2  
  24  2:30  SCV  
  25  2:44  Command Center  
  25  2:47  Marine  
  25  2:48  Marine  
  27  2:53  SCV  
  27  2:57  Barracks  
  28  3:05  Orbital Command  
  28  3:10  Marine  
  29  3:13  SCV  
  29  3:19  Engineering Bay  
  30  3:24  Refinery  
  30  3:28  Marine x2  
  32  3:38  SCV x2  
  33  3:46  Marine, Barracks Tech Lab  
  33  3:47  Marine  
  35  3:49  Terran Infantry Weapons Level 1  
  35  3:50  SCV  
  36  3:56  SCV  
  36  4:00  Orbital Command  
  37  4:04  SCV  
  37  4:06  Marine x2  
  40  4:10  SCV  
  40  4:13  Stimpack  
  41  4:21  Marine  
  40  4:26  Factory  
  39  4:33  SCV x2  
  41  4:40  Marine  
  41  4:46  Marine x2  
  41  4:51  SCV  
  44  4:52  Missile Turret  
  44  4:58  SCV  
  44  4:59  SCV  
  46  5:00  Marine  
  46  5:06  SCV  
  48  5:08  Marine x2  
  48  5:10  SCV  
  51  5:18  Starport  
  50  5:23  SCV x2  
  50  5:24  SCV, Missile Turret  
  50  5:25  Marine  
  50  5:27  Factory Reactor  
  54  5:29  Marine  
  54  5:35  SCV  
  56  5:36  SCV x2, Marine  
  59  5:46  Terran Infantry Armor Level 1, Barracks  
  59  5:47  SCV  
  59  5:48  SCV  
  61  5:53  Combat Shield  
  61  5:58  Supply Depot  
  61  6:03  Supply Depot  
  61  6:15  Marine x3  
  61  6:16  SCV x3, Factory Reactor  
  61  6:17  Medivac  
  69  6:20  Refinery  
  69  6:22  Refinery  
  69  6:28  SCV x3, Supply Depot  
  69  6:30  Supply Depot  
  72  6:40  SCV x3  
  72  6:44  Marauder  
  72  6:45  Marine, Barracks Tech Lab  
  72  6:46  Marine  
  79  6:50  Medivac x2  
  79  6:52  SCV x2  
  85  6:56  Widow Mine x2  
  85  6:58  SCV  
  90  7:04  Marine  
  90  7:05  Marine, Marauder  
  94  7:08  Barracks  
  94  7:10  Orbital Command  
  94  7:11  Barracks, Marauder  
  94  7:13  Supply Depot  
  94  7:15  Supply Depot  
  96  7:32  SCV  
  96  7:33  Armory, Marauder  
  96  7:34  Engineering Bay, Marauder  
  96  7:35  Marine x2  
  103  7:37  SCV x2  
  103  7:40  Widow Mine  
  103  7:44  SCV  
  108  7:47  Supply Depot  
  108  7:50  Supply Depot  
  108  7:53  Marine  
  108  7:54  Marine  
  108  7:55  Marauder, Widow Mine, Medivac  
  108  7:58  Barracks Tech Lab  
  116  7:59  Barracks Reactor  
  116  8:02  Barracks Tech Lab  
  116  8:09  Widow Mine, Marauder  
  116  8:10  Medivac  
  116  8:11  SCV  
  123  8:14  SCV x2  
  123  8:19  Supply Depot x2  
  125  8:20  Marine x2, Marauder  
  125  8:25  SCV  
  125  8:26  SCV  
  131  8:27  SCV  
  131  8:31  Terran Infantry Weapons Level 2  
  132  8:38  Terran Infantry Armor Level 2  
  132  8:39  SCV  
  132  8:40  SCV x2, Marauder  
  137  8:46  Refinery, Supply Depot  
  137  8:47  Supply Depot  
  137  8:49  Marine x2, Marauder  
  141  9:01  Marine x3  
  141  9:02  Marauder  
  145  9:10  Marauder  
  120  9:18  Widow Mine x2, Medivac x2  
  120  9:20  Marauder  
  120  9:23  Marine x3  
  120  9:24  Marauder  
  128  9:26  Marine  
  125  9:32  Marauder  
  112  9:41  Marine x3, Marauder  
  112  9:43  Barracks x2  
  112  9:44  Marine  
  112  9:45  Barracks  
  118  9:46  SCV x2  
  118  9:48  Command Center  
  118  9:50  Bunker  
  120  9:59  Marauder  
  124  10:00  Widow Mine x2, Medivac x2  
  124  10:06  Marine x2  
  132  10:07  Marine x4  
  128  10:21  Refinery  
  128  10:24  Supply Depot x2  
  128  10:25  Widow Mine x2, Marine  
  128  10:26  Supply Depot, Marine x2, Marauder  
  128  10:27  Marauder x2  
  128  10:28  Concussive Shells  
  141  10:35  Barracks Tech Lab  
  141  10:38  Barracks Reactor, Barracks Tech Lab  
  141  10:39  Marine  
  141  10:40  Medivac x2  
  146  10:43  SCV x2, Marine  
  149  10:50  Supply Depot  
  149  10:53  Marine x2, Marauder x3  
  149  10:54  Widow Mine  
  149  10:55  Supply Depot  
  159  11:01  Terran Infantry Weapons Level 3  
  133  11:11  Marine x3  
  133  11:12  Marine x2  
  133  11:15  Marine, Marauder x2  
  112  11:33  Marine  
  112  11:34  Marine x6  
  112  11:35  Widow Mine x2  
  112  11:36  Medivac x2  
  113  11:42  Marine  
  113  11:46  SCV  
  107  11:47  SCV  
  107  11:52  SCV  
  109  11:59  SCV x2  
  111  12:04  SCV  
  112  12:10  Marine x3  
  112  12:11  SCV, Marine x2  
  112  12:13  Marauder x2  
  122  12:19  Marine x3  
  122  12:20  Widow Mine x2  
  129  12:27  Marine  
  129  12:28  Marine x2  
  129  12:29  Marine x3  
  134  12:34  Marine  
  135  12:39  Marine x4  
  135  12:40  Liberator x2  
  135  12:42  Widow Mine  
  146  12:48  Marine x2  
  146  12:49  Marine  
  137  13:01  Marine x4  
  137  13:02  Marauder x2  
  137  13:03  Widow Mine x2, Marauder  
  146  13:11  Planetary Fortress  
  146  13:12  SCV x3  
  149  13:17  Marine x2  
  151  13:20  Marine  
  151  13:24  SCV x3  
  155  13:30  Marine  
  155  13:31  Marine x2  
  158  13:36  Marine  
  158  13:37  Marine x2  
  158  13:39  Liberator, Widow Mine x2  
  165  13:53  Marine x2  
  165  13:54  Marine x3  
  165  13:55  Liberator  
  153  13:56  Marine x2  
  153  13:59  Marine x2  
  153  14:01  Marauder  
  110  14:11  Marine x3, Marauder  
  110  14:12  Marauder  
  104  14:17  Marauder  
  104  14:19  Marine x3, Marauder  
  104  14:22  Liberator  
  104  14:23  Marauder  
  109  14:24  Missile Turret  
  109  14:27  Missile Turret  
  109  14:33  Marine x2  
  109  14:34  Marine x2  
  109  14:36  Marine x2  
  109  14:37  Marine  
  111  14:44  Marine  
  111  14:45  Marine  
  110  14:46  SCV  
  110  14:47  SCV x3  
  114  14:58  SCV  
  114  14:59  SCV x2  
  117  15:00  Marine x5  
  117  15:04  Marauder  
  124  15:08  Marauder  
  124  15:14  Marine, Marauder x2  
  131  15:18  Marine x2  
  133  15:22  Marine x3  
  133  15:27  Marine x2  
  138  15:31  Marine x2  
  138  15:32  Widow Mine  
  138  15:35  Marine  
  141  15:40  Marine x5  
  141  15:42  Marine  
  146  15:44  SCV  
  146  15:45  Marine x2  
  146  15:49  Marauder  
  151  15:56  Marine x2  
  153  15:58  Marine  
  153  16:02  Marine x2  
  153  16:03  Marine x2  
  158  16:05  Widow Mine x2  
  165  16:15  Marine x2  
  165  16:16  Marauder x2  
  171  16:23  Marine  
  172  16:30  Supply Depot  
Tags
 
Add a new tag
Caveats
  • Supply blocks, unpowered buildings, or Contaminate may cause inaccurate times.
  • Supply counts are checked every 10 seconds.